 Dungeon Crawl Stone Soup version 0.32-a0-909-gc671339a80 (webtiles) character file.

Game seed: 8177784780623626708

13892 snarfax the Covert (level 12, -2/77 HPs)
             Began as an Octopode Brigand on Apr 6, 2024.
             Was a High Priest of Okawaru.
             Slain by a manticore (9 damage)
             ... on level 10 of the Dungeon.
             The game lasted 00:36:31 (9114 turns).

snarfax the Covert (Octopode Brigand)               Turns: 9114, Time: 00:36:33

Health: -2/77      AC:  5    Str: 11    XL:     12   Next: 10%
Magic:  15/15      EV: 23    Int: 13    God:    Okawaru [*****.]
Gold:   684        SH:  0    Dex: 24    Spells: 11/11 levels left

rFire   + + .        q - +0 scimitar (venom)
rCold   x . .        (no shield)
rNeg    . . .        (helmet restricted)
rPois   +            E - amulet of regeneration
rElec   .            n - +6 ring of dexterity
rCorr   .            F - ring of poison resistance
SInv    .            p - ring of fire
Will    .....        u - ring of protection from fire
Stlth   +++++++      C - +4 ring of protection
HPRegen 1.12/turn    (no ring)
MPRegen 0.14/turn    (no ring)
                     (no ring)

%: no passive effects
@: spiked
A: almost no armour, amphibious, 8 rings, camouflage 1, gelatinous body 1,
(nimble swimmer 1), tentacles
a: Renounce Religion, Heroism, Finesse, Duel


You were on level 10 of the Dungeon.
You worshipped Okawaru.
Okawaru was extremely pleased with you.
You visited 2 branches of the dungeon, and saw 13 of its levels.
You also visited: Sewer.

You collected 684 gold pieces.

Inventory:

Hand Weapons
 a - a +2 dagger
 q - a +0 scimitar of venom (weapon)
 s - a +0 short sword of electrocution
 t - the +1 spear "Siosok" {flame, MP+9 Int+3}
   (You found it on level 12 of the Dungeon)

   Int+3:     It affects your intelligence (+3).
   MP+9:      It affects your magic capacity (+9).
 B - a +0 rapier of electrocution
 D - a +4 long sword
Missiles
 c - 5 curare-tipped darts
 g - 13 poisoned darts (quivered)
 i - 4 throwing nets
 H - 6 atropa-tipped darts
Armour
 b - an orb of energy
Jewellery
 n - a +6 ring of dexterity (left tentacle)
 p - a ring of fire (on tentacle)
 u - a ring of protection from fire (on tentacle)
 C - a +4 ring of protection (on tentacle)
 E - an amulet of regeneration (around mantle)
 F - a ring of poison resistance (right tentacle)
Wands
 k - a wand of acid (13)
 m - a wand of paralysis (9)
 I - a wand of flame (8)
Scrolls
 e - 4 scrolls of teleportation
 o - a scroll of silence
 r - a scroll of enchant weapon
 y - 3 scrolls of immolation
 J - a scroll of identify
 K - a scroll of vulnerability
 L - a scroll of revelation
Potions
 d - 2 potions of invisibility
 f - 4 potions of lignification
 h - 3 potions of brilliance
 j - a potion of attraction
 l - 4 potions of haste
 v - 3 potions of mutation
 w - a potion of cancellation {unknown}
 x - 2 potions of enlightenment
 z - 10 potions of ambrosia
 A - 3 potions of resistance
 G - 2 potions of magic {unknown}


   Skills:
 + Level 5.0 Fighting
 - Level 3.9(7.7) Short Blades
 * Level 10.4(10.7) Long Blades
 - Level 2.0 Throwing
 + Level 12.2 Dodging
 + Level 12.3 Stealth
 + Level 4.7 Invocations


You had 11 spell levels left.
You didn't know any spells.
Your spell library contained the following spells:

 Spells                   Type           Power      Damage    Failure   Level
 Magic Dart               Conj           0%         1d3       30%         1
 Blink                    Tloc           0%         N/A       43%         2
 Fugue of the Fallen      Necr           0%         N/A       67%         3
 Ozocubu's Armour         Ice            0%         N/A       67%         3
 Manifold Assault         Tloc           0%         N/A       100%        7
 Call Imp                 Summ           Unusable   N/A       N/A         2

Dungeon Overview and Level Annotations

Branches:
Dungeon (12/15)            Temple (1/1) D:5           Sewer (visited)
   Lair: D:8-11         Orc: D:9-12

Altars:
Ashenzari
Cheibriados
Dithmenos
Elyvilon
Fedhas
Gozag
Hepliaklqana
Kikubaaqudgha
Makhleb
Nemelex Xobeh
Okawaru
Qazlal
Ru
Sif Muna
Trog
Uskayaw
Vehumet
Wu Jian
Xom
Yredelemnul
Zin
The Shining One

Shops:
D:5 *   D:6 [:!

Annotations:
D:10 1 runed translucent door, Doorstop00's ghost, journeyman MiBe


Innate Abilities, Weirdness & Mutations

You cannot wear most types of armour.
You are amphibious.
You can wear up to eight rings at the same time.
Your skin changes colour to match your surroundings (Stealth+).
Your rubbery body absorbs attacks. (AC +1, EV +1)
((You are camouflaged when in or above water. (Stealth+)))
You have tentacles for arms and can constrict up to eight enemies at once.


Message History

Throw: 17 darts (poison)
Press: ? - help, Q - select action, (/) - cycle Shift-Dir - straight line, f/p - manticore
Aim: a manticore (lightly wounded, very poisoned, 75% to hit)
You throw a poisoned dart.
The poisoned dart closely misses the manticore.
The manticore flicks its tail.
The volley of spikes skewers you!
More barbed spikes become lodged in your body.
Throw: 16 darts (poison)
Press: ? - help, Q - select action, (/) - cycle Shift-Dir - straight line, f/p - manticore
Aim: a manticore (lightly wounded, very poisoned, 75% to hit)
You throw a poisoned dart. The poisoned dart hits the manticore.
The manticore looks even sicker.
The manticore is lightly wounded.
Throw: 15 darts (poison)
Press: ? - help, Q - select action, (/) - cycle Shift-Dir - straight line, f/p - manticore
Aim: a manticore (lightly wounded, very poisoned, 75% to hit)
You throw a poisoned dart.
The poisoned dart barely misses the manticore.
The manticore flicks its tail.
The volley of spikes skewers you.
More barbed spikes become lodged in your body.
Throw: 14 darts (poison)
Press: ? - help, Q - select action, (/) - cycle Shift-Dir - straight line, f/p - manticore
Aim: a manticore (moderately wounded, very poisoned, 75% to hit)
You throw a poisoned dart. The poisoned dart hits the manticore.
The manticore looks as sick as possible!
The manticore is moderately wounded.
You hit the manticore.
The manticore looks as sick as possible!
The manticore is heavily wounded.
The manticore bites you. The manticore claws you.
The manticore completely misses you.
You hit the manticore but do no damage.
The manticore looks as sick as possible!
The manticore is heavily wounded.
The manticore bites you!!
* * * LOW HITPOINT WARNING * * *
The manticore claws you!
You die...

#.# ∩.. #.# .. ##+
######'## ###.### ...
#.......# .((.... ...
#..<....# .(..... ###
#.......# (...... #
#....>..###### (......
.
#.......'....##H......
.
#.......####..@.......
. #.......#
####....... .
#...[...# ....... .
######### ####### . #


You could see a manticore (extremely poisoned).

Vanquished Creatures
  2 two-headed ogres
  A boulder beetle (D:12)
  Amaemon (D:8)
  Jeremiah (D:8)
  An orange demon (D:9)
  Maggie (D:9)
  A queen bee (D:9)
  A hornet (D:9)
  A shadow (D:10)
  28 yaks
  2 wraiths
  Eustachio (D:5)
  2 wyverns (D:7)
  3 vampire mosquitoes (D:12)
  4 steam dragons
  A water moccasin (D:7)
  An acid dragon (D:11)
  2 ice beasts
  A black bear (D:4)
  A crocodile (Sewer)
  2 sky beasts (D:7)
  3 ogres
  A centaur (D:8)
  A phantom (D:5)
  3 kobold brigands
  2 weeping skulls (D:4)
  A bullfrog (D:7)
  2 scorpions
  A gnoll sergeant (D:12)
  A water moccasin zombie (D:4)
  11 wights
  28 killer bees
  2 jellies (D:6)
  4 bombardier beetles
  A human zombie (D:4)
  2 hounds
  2 orc priests
  Ijyb (D:3)
  2 sleepcaps
  Crazy Yiuf (D:3)
  A gnoll bouda (D:7)
  4 iguanas
  A scorpion zombie (D:4)
  3 orc wizards
  2 mummies (D:4)
  12 gnolls
  9 adders
  3 river rats (Sewer)
  3 adder zombies (D:4)
  3 dart slugs
  2 ribbon worms (Sewer)
  12 orcs
  4 endoplasms
  4 giant cockroaches
  7 goblins
  7 hobgoblins
  4 quokkas
  10 ball pythons
  5 bats
  2 frilled lizards (D:1)
  20 kobolds
  7 rats
252 creatures vanquished.

Vanquished Creatures (others)
  A sky beast (D:7)
1 creature vanquished.

Grand Total: 253 creatures vanquished

Notes
Turn   | Place    | Note
-------+----------+-------------------------------------------
     0 | D:1      | snarfax the Octopode Brigand began the quest for the Orb.
     0 | D:1      | Reached XP level 1. HP: 14/14 MP: 1/1
   113 | D:1      | Reached XP level 2. HP: 19/19 MP: 2/2
   250 | D:1      | Reached XP level 3. HP: 18/24 MP: 3/3
  1338 | D:3      | Reached XP level 4. HP: 29/29 MP: 4/4
  1450 | D:3      | Found a broken altar of Ashenzari.
  1493 | D:3      | Noticed Ijyb
  1500 | D:3      | Killed Ijyb
  1501 | D:3      | Reached XP level 5. HP: 34/34 MP: 5/5
  1744 | D:3      | Found a faded altar of an unknown god.
  1860 | D:3      | Found a runed translucent door.
  1861 | D:3      | Noticed Crazy Yiuf
  1868 | D:3      | Killed Crazy Yiuf
  2391 | D:4      | Found a sacrificial altar of Ru.
  2460 | D:4      | Reached XP level 6. HP: 36/39 MP: 6/6
  2648 | D:4      | Noticed a black bear
  2779 | D:4      | Killed a black bear
  2780 | D:4      | Reached skill level 5 in Dodging
  2780 | D:4      | Reached XP level 7. HP: 45/45 MP: 7/7
  2829 | D:4      | Reached skill level 1 in Long Blades
  2945 | D:4      | Found a basalt altar of Yredelemnul.
  3006 | D:4      | Reached XP level 8. HP: 41/50 MP: 8/8
  3341 | D:5      | Entered Level 5 of the Dungeon
  3349 | D:5      | Found a staircase to the Ecumenical Temple.
  3496 | D:5      | Found a glowing drain.
  3507 | Sewer    | Entered a sewer
  4038 | D:5      | Noticed Eustachio
  4047 | D:5      | Killed Eustachio
  4212 | D:5      | Found Niecrel's Neck Hole.
  4491 | D:6      | Reached XP level 9. HP: 39/54 MP: 9/9
  4736 | D:6      | Found Fied's Distillery.
  4794 | D:6      | Found Qaharul's Book Emporium.
  4869 | D:6      | Found Houttiuwn's Antique Armour Shoppe.
  5267 | D:7      | Found the +6 shillelagh "Devastator" {shatter}
  5318 | D:7      | Reached skill level 10 in Stealth
  5434 | D:7      | Reached skill level 5 in Long Blades
  5516 | D:7      | Noticed a +0 hand axe
  5516 | D:7      | Noticed a +0 hand axe
  5518 | D:7      | Found a hide-covered altar of Uskayaw.
  5774 | D:7      | Reached skill level 10 in Dodging
  5808 | D:7      | Reached XP level 10. HP: 44/60 MP: 10/10
  6316 | Temple   | Entered the Ecumenical Temple
  6451 | Temple   | Became a worshipper of Warmaster Okawaru
  6776 | D:8      | Noticed Jeremiah
  6865 | D:8      | Killed Jeremiah
  7165 | D:8      | Reached * piety under Okawaru
  7423 | D:9      | You fall into a shaft and drop 3 floors!
  7460 | D:12     | Noticed a boulder beetle
  7472 | D:12     | Killed a boulder beetle
  7472 | D:12     | Reached ** piety under Okawaru
  7473 | D:12     | Reached skill level 1 in Invocations
  7612 | D:12     | Reached XP level 11. HP: 51/66 MP: 12/12
  7625 | D:12     | Identified the +1 spear "Siosok" {flame, MP+9 Int+3}
  7727 | D:10     | Entered Level 10 of the Dungeon
  7789 | D:10     | Found a runed translucent door.
  7790 | D:10     | Noticed Doorstop00's ghost (journeyman MiBe)
  7856 | D:10     | Noticed a two-headed ogre
  7891 | D:10     | Killed a two-headed ogre
  7891 | D:10     | Reached *** piety under Okawaru
  8027 | D:10     | Found a hazy altar of Hepliaklqana.
  8216 | D:9      | Reached **** piety under Okawaru
  8333 | D:9      | Noticed Amaemon
  8438 | D:8      | Killed Amaemon
  8663 | D:9      | Reached skill level 10 in Long Blades
  8696 | D:9      | Noticed Maggie
  8697 | D:9      | Noticed a two-headed ogre
  8713 | D:9      | Killed a two-headed ogre
  8713 | D:9      | Reached ***** piety under Okawaru
  8724 | D:9      | Killed Maggie
  8725 | D:9      | Reached XP level 12. HP: 59/76 MP: 15/15
  9054 | D:10     | Reached skill level 5 in Fighting
  9114 | D:10     | Slain by a manticore

Illustrated notes

Levels and vault maps discovered:
D:1:      minmay_arrival_stone_box, layout_basic
D:2:      layout_rooms, serial_curves, eino_curves_04, eino_curves_03
D:3:      layout_loops_ring, lemuel_round_altar, shapermc_ecumenical_altar_venn,
          uniq_ijyb, uniq_crazy_yiuf_cottage
D:4:      layout_gridville, lemuel_mausoleum_altar_yredelemnul,
          nicolae_ru_awakened_eye, minmay_fractal_squares_diagonal_5
D:5:      layout_rooms, minmay_temple_entry_from_below_a, portal_sewer_entry_d,
          chequers_avenue, minmay_misc_feat_five,
          nicolae_shop_sticking_my_neck_out, uniq_eustachio
D:6:      layout_basic, serial_shops, nicolae_shop_waterfront, shop, shop
D:7:      layout_gridville, dancing_weapons_uskayaw, hangedman_misty_isle
D:8:      layout_loops_corners, uniq_jeremiah
D:9:      layout_cave_pools, grunt_decor_cap, minivault_7, uniq_maggie,
          uniq_amaemon
D:10:     layout_roguey, lemuel_crystal_altar, hellmonk_ghost_big_iron,
          chequers_serial_rivers_small_a, hangedman_abyss_or_decor_stabs
D:11:     layout_basic, minmay_lair_entry_grove, hiddenorc1_lemuel,
          minmay_the_grid_square_5x5_3x3_mashed
          [minmay_the_grid_square_5x5_inset,
          minmay_the_grid_square_5x5_hourglass,
          minmay_the_grid_square_5x5_moneybag, minmay_the_grid_square_5x5_empty,
          minmay_the_grid_square_5x5_megaprize_diamond,
          minmay_the_grid_square_5x5_percent, minmay_the_grid_square_5x5_spiral,
          minmay_the_grid_square_5x5_shrine2, minmay_the_grid_square_5x5_meh]
D:12:     layout_stronghold, nicolae_eternal_life, bh_walls_and_bars
Temple:   minmay_crystal_spiral_temple

Skill      XL: |  1  2  3  4  5  6  7  8  9 10 11 12 |
---------------+-------------------------------------+-----
Dodging        | 2 3 4 5 6 7 10 11 12 | 12.2
Stealth        | 6 7 8 9 10 12 | 12.3
Short Blades   | 3 |  3.9
Long Blades    | 2 4 6 8 10 | 10.4
Invocations    | 1 4 |  4.7
Fighting       | 4 5 |  5.0
Throwing       | |  2.0

Action                     |  1- 3 |  4- 6 |  7- 9 | 10-12 || total
---------------------------+-------+-------+-------+-------++-------
  Melee: Dagger            |    52 |    51 |       |       ||   103
         Constrict         |    11 |    16 |    38 |    44 ||   109
         Tentacles         |     7 |    11 |    42 |    95 ||   155
         Scimitar          |       |     1 |   170 |   341 ||   512
  Throw: Dart              |     1 |    13 |    30 |    43 ||    87
 Invoke: Heroism           |       |       |       |     1 ||     1
  Evoke: Wand              |       |       |     4 |       ||     4
    Use: Scroll            |     5 |     3 |    16 |     3 ||    27
         Potion            |       |       |     6 |       ||     6
   Stab: Sleeping          |    21 |    11 |    36 |     7 ||    75
         Distracted        |     1 |     1 |       |     2 ||     4
         Paralysed         |       |       |     1 |       ||     1
 Armour: Skin              |    13 |    25 |    72 |   131 ||   241
  Dodge: Dodged            |    16 |    31 |   138 |   357 ||   542

Table legend: (Time is in decaauts)
 A = Elapsed time spent in this place.
 B = Non-inter-level travel time spent in this place.
 C = Inter-level travel time spent in this place.
 D = Time resting spent in this place.
 E = Time spent auto-exploring this place.
 F = Levels seen in this place.
 G = Mean time per level.
                   A        B        C        D        E       F      G
               +--------+--------+--------+--------+--------+-----+--------+
         Total |   9100 |   8620 |    480 |    441 |   5947 |  14 |  650.0 |
       Dungeon |   8552 |   8220 |    332 |    441 |   5712 |  12 |  712.7 |
        Temple |    148 |      1 |    147 |      0 |      0 |   1 |  148.0 |
         Sewer |    399 |    399 |      0 |      0 |    235 |   1 |  399.0 |
               +--------+--------+--------+--------+--------+-----+--------+

Top non-repeatable levels by time:
     D:3: 1045 daAuts
     D:8: 1010 daAuts
     D:7: 1009 daAuts
     D:4: 976 daAuts
     D:6: 917 daAuts
     D:1: 751 daAuts
     D:9: 716 daAuts
     D:5: 702 daAuts
     D:2: 564 daAuts
    D:10: 556 daAuts
   Sewer: 399 daAuts
    D:12: 212 daAuts
  Temple: 148 daAuts
    D:11: 89 daAuts
